cohdb
Replays
Latest Replays
All Replays
Popular Replays
Top Player Replays
Match Explorer
How It Works
Community
CoH3 Stats
Reddit
Sign in to upload your games and track your stats! →
Sign in with Steam
Match 42820677
Unlisted
Match 42820677
Overview
Messages
Build Orders
End
Construct Infanterie Kompanie
Selects Mechanized Battlegroup
MG 42 Machine Gun Team
Grenadier Squad
Grenadier Squad
MG 42 Machine Gun Team
Construct Panzergrenadier Kompanie
Medical Bunker
Panzergrenadier Squad
Construct Panzer Kompanie
Selects Spotting Scopes
Selects Raid Package
Medical Bunker
Selects StuG Assault Group
Pak 40 Anti-tank Gun Team
Panzer IV Medium Tank
Side Skirts
Medical Bunker
Selects UNKNOWN (2160084)
Panzer IV Medium Tank
Selects Panther Heavy Tank
Panther Heavy Tank
Repair Bunker
Selects Spotting Scopes
Panther Heavy Tank
Selects Wespe Self-propelled Artillery
Selects Zeroing Artillery Barrage
Zeroing Artillery Barrage
Wespe Self-propelled Artillery
Panzer IV Medium Tank
Daddy
Hayvanadam
Ohmic
Jd577
Beowulf Agate
Bigred1551
saint_nick29
D3lta
0
0
Comments
sign in to comment!
No comments posted yet!